[Event "German Masters 2022"]
[Site "Magdeburg"]
[Date "2022.08.23"]
[Round "8.1"]
[White "Keymer, Vincent"]
[Black "Rosner, Jonas"]
[Result "1-0"]
[ECO "A11"]
[WhiteElo "2686"]
[BlackElo "2478"]
[Annotator "TA"]
[PlyCount "71"]
[EventDate "2022.08.16"]
[EventType "tourn"]
[EventCountry "GER"]
[SourceTitle "playchess.com"]
[Source "ChessBase"]
[SourceQuality "1"]
[TimeControl "40/5400+30:1800+30"]

1. c4 c6 2. Nf3 d5 3. e3 Nf6 4. Nc3 e6 5. b3 Bd6 6. Bb2 O-O 7. Be2 b6 {[%emt 0:01:02] Recently 7...e5 got a lot of attention. A11: English Opening: 1...c6.} 8. O-O Bb7 9. d4 Nbd7 {[%emt 0:00:22] The position is equal.} 10. a4 a5 11. Bd3 Qe7 12. Rc1 Rac8 {[%emt 0:07:26] [#]} 13. Re1 $146 ({Predecessor:} 13. Qe2 Rfe8 14. Rfd1 e5 15. dxe5 Nxe5 16. cxd5 Nxf3+ 17. Qxf3 cxd5 18. Qf5 Qe5 19. Qxe5 Bxe5 {½-½ (28) Gatterer,F (2359)-Maliszewski,G (2351) ICCF email 2018}) 13... Rfd8 14. e4 dxe4 15. Nxe4 Nxe4 16. Bxe4 Nf6 17. Qc2 Ba3 (17... Bb4 $11) 18. Bxa3 $14 Qxa3 19. c5 (19. b4 $5) 19... bxc5 20. dxc5 Ba6 21. Ne5 {[%emt 0:03:08] aiming for Ra1.} Nxe4 22. Qxe4 {[%emt 0:01:15][%cal Oe5f7] Hoping for Nxf7!} Qxb3 23. Nxc6 Rd7 24. Nxa5 Qd5 (24... Qb2 $14) 25. c6 $18 Rd6 {[%emt 0:03:38] [#]} 26. Qb4 {[%emt 0:01:08] Black must now prevent Qb6.} Qd4 27. Qb3 (27. Re4 $18 Qd3 28. h3 (28. c7 Rxc7 29. Qb8+ Rc8 $14)) 27... Qa7 28. h3 Rd5 29. Nb7 (29. Nc4 $6 Rxc6 30. Ne3 Rdc5 $11) 29... h6 30. Qb4 {[%emt 0:04:24] Against Rd2. White is more active.} Rb8 $2 (30... Qd4 $16 31. Re4 Qa7) 31. Rb1 ({Stronger than} 31. c7 Rc8 32. Nc5 Rxc7 33. Nxa6 Rxc1 34. Rxc1 Qxa6 $11) 31... Bxb7 $2 (31... Bd3) 32. Qb6 $2 ({Weaker is} 32. cxb7 Rd7 $11) (32. Rec1) 32... Qxa4 $2 (32... Qxb6 33. Rxb6 Bxc6 34. Rxb8+ Kh7) 33. c7 {[%emt 0:01:40][%mdl 64] Deflection} ({Less strong is} 33. cxb7 Rd7 $16) 33... Rc8 {[%emt 0:01:33] Threatens to win with ...Bc6.} 34. Qxb7 Qd7 {[%emt 0:01:29] [#]} 35. Qxc8+ Qxc8 36. Rb8 {[%emt 0:00:06] Weighted Error Value: White=0.21 (precise) /Black=0.80} 1-0

[Event "German Masters 2022"]
[Site "Magdeburg"]
[Date "2022.08.23"]
[Round "8.2"]
[White "Koelle, Tobias"]
[Black "Svane, Rasmus"]
[Result "1/2-1/2"]
[ECO "E10"]
[WhiteElo "2436"]
[BlackElo "2649"]
[Annotator "TA"]
[PlyCount "181"]
[EventDate "2022.08.16"]
[EventType "tourn"]
[EventCountry "GER"]
[SourceTitle "playchess.com"]
[Source "ChessBase"]
[SourceQuality "1"]
[TimeControl "40/5400+30:1800+30"]

1. d4 Nf6 2. c4 e6 3. Nf3 h6 4. Nc3 Bb4 5. g3 Bxc3+ 6. bxc3 {[%emt 0:00:14] E10: Blumenfeld Gambit.} b6 7. Bg2 (7. Nd2 $5 ) 7... Bb7 8. O-O O-O 9. Re1 d6 10. Nh4 Bxg2 11. Nxg2 d5 {[%emt 0:22:27] [#]} 12. Qd3 $146 ({Predecessor:} 12. f3 dxc4 13. Qa4 Qd5 14. Ne3 Qc6 15. Qxc4 b5 16. Qb3 Nbd7 17. c4 Rfb8 18. Bd2 {0-1 (48) Perdomo,L (2459)-Domingo Nunez,R (2365) Braganca 2021}) 12... c6 13. a4 Re8 14. Bf4 Nbd7 15. cxd5 Nxd5 16. Bc1 c5 17. e4 N5f6 18. Bb2 Rc8 19. Qe2 Qc7 20. f3 cxd4 21. cxd4 Qc2 22. Ne3 Qxe2 23. Rxe2 Rc7 24. Rc1 Rxc1+ 25. Bxc1 Rc8 26. Bb2 a6 27. Kf2 b5 28. axb5 axb5 29. Rc2 Rxc2+ 30. Nxc2 $14 {[%emt 0:00:07][%mdl 4096] Endgame KBN-KNN} Ne8 31. Bc3 Nc7 32. Ke2 Nb8 33. Ba5 Nca6 34. Kd3 {[%emt 0:01:17] White is more active.} Nc6 35. Bd2 Kf8 36. Na3 b4 37. Nc2 ({White should try} 37. Nc4 $16) 37... b3 $11 38. Na3 e5 $1 39. dxe5 Nxe5+ {[%emt 0:00:18] The position is equal.} 40. Ke2 f6 41. Bc3 Kf7 42. Bxe5 fxe5 {[%emt 0:00:06] KN-KN} 43. Kd3 Nc5+ 44. Kc3 Ne6 45. Nc4 Kf6 46. Nd2 Nd4 47. f4 Ne2+ 48. Kd3 Nc1+ 49. Kc3 exf4 50. gxf4 Ne2+ 51. Kd3 Nxf4+ 52. Ke3 $1 g5 {[%emt 0:11:42] [#] White must now prevent ...b2.} 53. Nxb3 Ng6 54. Nd2 Ne5 55. Kf2 h5 56. Nf1 Nc4 57. Kf3 (57. Ne3 Nd2 58. Ke2 Nxe4 $17) 57... Ke5 58. Ng3 Nd2+ 59. Kg2 h4 60. Ne2 Kxe4 ({Much worse is} 60... Nxe4 $6 61. Kf3 $17) 61. Nc3+ Kf5 62. h3 Nc4 63. Nd5 Ne5 64. Kf2 Ke4 65. Nf6+ Kf4 66. Nd5+ Kf5 67. Kg2 Ke4 68. Nf6+ $1 Ke3 69. Nd5+ Ke2 70. Nc3+ $1 Kd3 71. Nd5 Ke4 72. Nf6+ Kf5 73. Nd5 Nc6 74. Kf3 Nd4+ 75. Ke3 Ne6 {[%emt 0:02:21] [#] Hoping for ...Ke5.} 76. Kf3 Nf4 77. Ne3+ Kg6 78. Kg4 Nd3 79. Kf3 Kf6 80. Nc4 Kf5 81. Ne3+ Kg6 82. Nd5 Ne5+ 83. Ke4 Nc6 84. Kf3 Ne5+ 85. Ke4 Nc4 86. Kf3 Nd6 87. Kg4 Nf5 88. Kf3 Nd4+ 89. Kg4 Nc6 90. Kf3 Ne5+ 91. Ke4 {Weighted Error Value: White=0.07 (flawless) /Black=0.05 (flawless)} 1/2-1/2

[Event "German Masters 2022"]
[Site "Magdeburg"]
[Date "2022.08.23"]
[Round "8.3"]
[White "Engel, Luis"]
[Black "Huschenbeth, Niclas"]
[Result "0-1"]
[ECO "C77"]
[WhiteElo "2558"]
[BlackElo "2610"]
[Annotator "TA"]
[PlyCount "102"]
[EventDate "2022.08.16"]
[EventType "tourn"]
[EventCountry "GER"]
[SourceTitle "playchess.com"]
[Source "ChessBase"]
[SourceQuality "1"]
[TimeControl "40/5400+30:1800+30"]

1. e4 e5 2. Nf3 Nc6 3. Bb5 a6 4. Ba4 Nf6 5. d3 Bc5 6. c3 d6 7. O-O Ba7 {[%emt 0:00:03] C78: Ruy Lopez: Archangelsk and Möller Defences.} 8. Nbd2 {[%emt 0:00:54][%cal Bb1d2,Bd2f1,Bf1g3][%mdl 32] has lost popularity (8.Re1).} O-O 9. h3 Ne7 {[%emt 0:00:36] The position is equal.} 10. Re1 Ng6 11. Nf1 d5 12. exd5 Nxd5 13. Ng3 c6 14. d4 exd4 15. Nxd4 Be6 16. Bc2 Qc7 17. Bg5 Rae8 {[%emt 0:17:54] [#]} 18. Qd2 $146 ({Predecessor:} 18. Qd3 Ndf4 19. Qd2 Bd5 20. Bxg6 Nxg6 21. Ndf5 f6 22. Be3 Bxe3 23. Rxe3 Re5 24. Rxe5 fxe5 {½-½ (32) Elburg,J (2312)-Paine,K (2351) ICCF email 2019}) 18... h6 19. Bxg6 (19. Nxe6 Rxe6 20. Rxe6 fxe6 $17) (19. Be3 $11 {remains equal.} Nxe3 20. Rxe3) 19... fxg6 $17 {[%emt 0:07:43] Black continues to play with concentration.} (19... Bxd4 $6 20. Qxd4 fxg6 21. Bd2 $11) 20. Rxe6 (20. Be3 $17 Bf7 21. a3) 20... Rxe6 $19 21. Nxe6 Rxf2 22. Qd4 (22. Qxd5 {is a self mate.} Qxg3 23. Qd8+ Kh7) 22... Rf1+ $1 23. Rxf1 Bxd4+ 24. cxd4 Qxg3 25. Bxh6 {[%emt 0:00:23] [#] Rf8+ is the strong threat.} Kh7 {[%emt 0:04:50] Dancing on a razor blade.} ({Stronger than} 25... gxh6 26. Rf8+ Kh7 27. Rf7+ Kh8 28. Rf8+ Kh7 29. Rf7+ Kh8 30. Rf8+ Kh7 $11) 26. Bd2 Qd3 27. Rf2 (27. Bc1 $142) 27... Nf6 ({Don't go for} 27... Qb1+ $2 28. Kh2 Qxb2 29. Be1 $19) 28. Bg5 Qb1+ 29. Kh2 Qe1 30. Nf8+ Kg8 31. Bh4 g5 32. Rxf6 gxh4 {[%emt 0:01:38][%mdl 4096] Endgame KQ-KRN} 33. Rf5 Qe3 34. b3 Qxd4 35. Ng6 {[%emt 0:01:22] [#] White threatens Ne7+ and mate.} Qd6+ 36. Ne5 c5 37. Kh1 Qd1+ 38. Kh2 Qd6 39. Kh1 $1 b5 40. Rg5 Qd2 41. Nf3 Qxa2 42. Rxc5 Qxb3 {[%emt 0:00:14] White must now prevent ...Qd1+.} 43. Rc8+ Kh7 {[%emt 0:00:31] Hoping for ...Qd1+.} 44. Rc6 Qd1+ 45. Kh2 Qd8 46. Rxa6 b4 {[%emt 0:00:12][%cal Bb5b4,Bb4b3,Bb3b2][%mdl 32] Black mates.} 47. Ra2 b3 48. Rf2 Qc7+ 49. Kg1 Qc1+ 50. Kh2 b2 51. Nd2 Qe1 {[%emt 0:00:27] Weighted Error Value: White=0.57/Black=0.20 (precise)} 0-1

[Event "German Masters 2022"]
[Site "Magdeburg"]
[Date "2022.08.23"]
[Round "8.4"]
[White "Fridman, Daniel"]
[Black "Braun, Arik"]
[Result "1/2-1/2"]
[ECO "A13"]
[WhiteElo "2599"]
[BlackElo "2594"]
[Annotator "TA"]
[PlyCount "56"]
[EventDate "2022.08.16"]
[EventType "tourn"]
[EventCountry "GER"]
[SourceTitle "playchess.com"]
[Source "ChessBase"]
[SourceQuality "1"]
[TimeControl "40/5400+30:1800+30"]

1. c4 e6 2. g3 d5 3. Nf3 dxc4 4. Qa4+ Nd7 5. Qxc4 b6 {[%emt 0:03:16] [#]} 6. Nd4 $146 {[%emt 0:12:01] aiming for Bg2. A13: English Opening: 1...e6.} ({Predecessor:} 6. d4 Bb7 7. Nc3 a6 8. a4 Ngf6 9. Bg2 c5 10. O-O Rc8 11. Bf4 Be7 12. Rad1 O-O 13. Ne5 cxd4 14. Qxd4 Bxg2 15. Kxg2 Nxe5 16. Bxe5 Qxd4 {½-½ (16) Hillarp Persson,T (2503)-Speelman,J (2511) St Clement Bay 2017}) 6... Bb7 {[%emt 0:10:43] Prevents Bg2.} (6... Bc5 $5 7. Nf3 (7. Bg2 Ne5 $15) 7... Bb7 $11) 7. Nc6 {[%emt 0:02:13] The position is equal.} Qg5 {[%emt 0:10:36] [#] Threatens to win with ...b5.} 8. Bg2 $1 {[%emt 0:03:26] Hoping for d4.} Qc5 9. Qxc5 Bxc5 10. O-O Ne7 11. Nxe7 Bxg2 12. Kxg2 {[%emt 0:00:06] [#] Strongly threatening Nc6.} Bxe7 13. Nc3 c5 14. Rd1 O-O-O 15. d4 cxd4 16. Rxd4 Ne5 17. Be3 Kb7 18. Rad1 Nc6 19. Rd7+ Kc8 20. R7d2 Rxd2 21. Rxd2 Rd8 22. Kf1 Rxd2 23. Bxd2 $11 {[%emt 0:00:06][%mdl 4096] Endgame KBN-KBN} Kd7 24. Ke1 Bf8 25. Kd1 Be7 26. Ke1 Bf8 27. Kd1 Be7 28. Ke1 Bf8 {[%emt 0:00:04] An interesting draw.  Weighted Error Value: White=0.04 (flawless) /Black=0.04 (flawless)} 1/2-1/2

[Event "German Masters 2022"]
[Site "Magdeburg"]
[Date "2022.08.23"]
[Round "8.5"]
[White "Kollars, Dmitrij"]
[Black "Svane, Frederik"]
[Result "1/2-1/2"]
[ECO "A28"]
[WhiteElo "2648"]
[BlackElo "2521"]
[Annotator "TA"]
[PlyCount "152"]
[EventDate "2022.08.16"]
[EventType "tourn"]
[EventCountry "GER"]
[SourceTitle "playchess.com"]
[Source "ChessBase"]
[SourceQuality "1"]
[TimeControl "40/5400+30:1800+30"]

1. c4 Nf6 2. Nc3 e5 3. Nf3 Nc6 4. e4 Bb4 5. d3 d6 6. a3 {[%emt 0:00:19] A28: English Opening: Four Knights Variation.} Ba5 7. Be2 O-O 8. O-O h6 {[%emt 0:03:36] [#]} 9. Na4 $146 ({Predecessor:} 9. b4 Bb6 10. Na4 Bg4 11. Nxb6 axb6 12. Bb2 Bxf3 13. Bxf3 Re8 14. g3 Nd7 15. Bg2 {1-0 (27) Matlakov,M (2698)-Hosseinzadeh,N (2217) Chess.com INT 2020}) 9... Bb6 10. Nxb6 axb6 11. h3 Ne7 12. b4 c5 13. Be3 Be6 14. Nd2 Ng6 15. Kh2 Nd7 16. Bg4 Ra7 17. b5 Nf6 18. g3 Qd7 19. f3 Raa8 20. a4 Nh7 21. Bxe6 Qxe6 22. g4 Nf4 23. Nb1 $1 (23. Bxf4 exf4 24. Nb1 Qe5 $11) 23... g5 24. Nc3 Nf6 25. Bxf4 exf4 26. h4 Qe5 27. Qd2 h5 28. hxg5 $1 Qxg5 29. Ne2 Nxg4+ $1 30. Kh3 Kh7 31. Qxf4 $16 {[%emt 0:00:05] The board is on fire.} (31. fxg4 $2 Qxg4+ 32. Kh2 Rg8 33. Nxf4 Qh4+ 34. Nh3 Rg3 35. Rxf7+ Kg8 $19) 31... Qxf4 32. Nxf4 Nf6 33. Rg1 Kh6 {[%emt 0:00:47] Prevents Rg5.} 34. Rg2 {[%emt 0:01:11] And now Rag1 would win.} Rg8 35. Rd2 Rg5 36. d4 Rag8 {[%emt 0:00:39] [#] Threatens to win with ...Rg3+.} 37. Kh2 {[%emt 0:00:06] Hoping for dxc5. Active counter play!} Nd7 38. Rf1 (38. dxc5 Ne5 39. Rxd6+ Kh7 $16) 38... Rd8 39. dxc5 Nxc5 40. Rfd1 Nxa4 41. Rxd6+ Rxd6 42. Rxd6+ {[%emt 0:00:05][%mdl 4096] Endgame KRN-KRN} Kg7 43. Kh3 Rc5 44. Nd5 ({White should try} 44. Kh4 $16) 44... Rxc4 45. Nxb6 (45. Kh4 $5 ) 45... Nxb6 46. Rxb6 $14 {[%emt 0:00:00] KR-KR} Rc3 (46... Rc7 47. Kh4 $16) 47. Kg3 h4+ $1 48. Kxh4 Rxf3 49. Kg4 Rf1 50. Kg5 f6+ $1 51. Kg4 Kf7 (51... Rg1+ 52. Kf5 Rg5+ 53. Ke6 $16 (53. Kf4 Kf7 $14)) 52. Rxb7+ Ke6 53. Rb8 Rb1 54. Kf4 Rb3 55. Rb6+ Ke7 56. Rb8 ({Don't do} 56. Kf5 Rf3+ 57. Kg4 Re3 $14) 56... Ke6 57. b6 {[%emt 0:00:27] [#] b7 would kill now.} Kf7 $1 58. Kf5 Rb5+ 59. Kg4 Rb3 60. Kf4 Kg6 61. Rb7 (61. b7 Kg7 62. Kg4 Kh7 $18) 61... Rb5 62. Rb8 {[%emt 0:01:16] Black must now prevent Ke3.} Rb3 63. Kg4 ({Not} 63. b7 Kg7 64. Kf5 Rb6 $18) 63... Kf7 64. Kf4 ({Better is} 64. e5 $11 fxe5 65. b7 (65. Kf5 Ke7 $11)) 64... Kg6 $1 65. Rb7 (65. b7 $14 Kg7 66. Kg4) 65... Rb5 $11 {[%emt 0:00:08] The position is equal.} 66. Ke3 {[%emt 0:00:21] Strongly threatening Kd4.} f5 $1 67. Rb8 fxe4 $1 68. Kxe4 Kf7 69. Kd4 {[%emt 0:00:07] Intending Kc4 and mate.} Ke7 70. Kc4 Rb1 71. Kc5 {[%emt 0:00:30] Threatening mate with Kc6.} Kd7 72. Ra8 Rb2 73. Rh8 Rb1 74. b7 Rxb7 75. Rh7+ Kc8 76. Rxb7 Kxb7 {[%emt 0:00:04] Black escapes into a draw.  Weighted Error Value: White=0.09 (flawless) /Black=0.08 (flawless)} 1/2-1/2

[Event "German Masters 2022"]
[Site "Magdeburg"]
[Date "2022.08.24"]
[Round "9.1"]
[White "Svane, Frederik"]
[Black "Keymer, Vincent"]
[Result "1/2-1/2"]
[ECO "A28"]
[WhiteElo "2521"]
[BlackElo "2686"]
[Annotator "TA"]
[PlyCount "154"]
[EventDate "2022.08.16"]
[EventType "tourn"]
[EventCountry "GER"]
[SourceTitle "playchess.com"]
[Source "ChessBase"]
[SourceQuality "1"]
[TimeControl "40/5400+30:1800+30"]

1. c4 Nf6 2. Nc3 e5 3. Nf3 Nc6 4. d3 Bb4 5. Bd2 O-O 6. e3 d5 7. cxd5 Nxd5 8. Be2 {[%emt 0:00:04] A28: English Opening: Four Knights Variation.} Nxc3 9. bxc3 Bd6 10. e4 {[%emt 0:02:33] [#]} Re8 $146 ({Predecessor:} 10... b6 11. O-O Re8 12. d4 exd4 13. cxd4 Rxe4 14. Ng5 Rxd4 15. Qc2 Rh4 16. g3 Nd4 {0-1 (36) Lewis,A (2292)-Hanley,C (2434) Sunningdale 2008}) 11. Bg5 Qd7 12. O-O Qe6 13. h3 Qg6 14. Kh1 b6 15. Be3 Bb7 16. Qd2 Be7 17. Rad1 Rad8 18. Qc2 h6 19. Rd2 Qe6 20. Nh2 Bg5 21. Bg4 Qe7 22. Nf3 Bf6 23. Ne1 Na5 24. f4 c5 $1 25. Nf3 Nc6 26. fxe5 Nxe5 27. Nxe5 Qxe5 28. c4 Qc3 29. Qxc3 Bxc3 30. Rdd1 Bc6 31. Be2 Ba4 32. Rc1 Bb2 33. Rb1 Bd4 34. Bxd4 Rxd4 35. Rb2 {[%emt 0:00:17] Prevents Bc2.} Re6 36. Kg1 g6 37. Rf3 Kg7 38. Kf2 Re5 39. Bf1 f5 40. Re3 (40. exf5 $15 Bc6 41. f6+ Kf8 42. Re3 Rf5+ 43. Kg1) 40... fxe4 $17 41. Rxe4 Rexe4 42. dxe4 Rxe4 {[%emt 0:00:09][%mdl 4096] Endgame KRB-KRB} 43. g3 g5 44. Rd2 Rd4 $1 {[%emt 0:07:19] Against Rd8} 45. Ke3 (45. Rb2) 45... Rxd2 $19 46. Kxd2 {[%emt 0:00:04] KB-KB} Kf6 47. Ke3 Ke5 48. h4 g4 49. Bg2 Bc2 50. Bb7 Bf5 51. a3 Bd7 52. Ba6 {[%emt 0:09:11] Prevents b5.} Bf5 53. Bb7 Be6 54. Ba6 Bd7 (54... Kd6 $19 55. Ke4 Kd7) 55. Bb7 $2 (55. Kd3 $17 {was the crucial defense.}) 55... b5 $1 56. cxb5 Bxb5 57. Bc8 h5 58. Bb7 Bd7 59. Kd3 Be6 60. Bc6 Bf7 {[%emt 0:00:11] Inhibits Be8.} 61. Be4 Be6 {[%emt 0:01:20] White must now prevent ...Bf5.} 62. Bc6 $1 c4+ $1 63. Ke3 Bf7 {[%emt 0:00:26] Prevents Be8.} 64. Be4 {[%emt 0:00:06] Against Bg6} Be8 65. Bh7 {[%emt 0:00:33] [#]} Kd5 $2 (65... a6 $1 $17) 66. Be4+ $11 Kc5 67. Bh7 Bf7 68. Be4 $2 {[%emt 0:00:31][%mdl 8192] [#]} (68. Bf5 $1 $11 {and White stays safe.}) 68... c3 $1 $19 {[%emt 0:01:39] And now ...Kc4 would win.} 69. Bd3 $2 (69. Kd3 c2 70. Kxc2 Kd4) (69. Bb1 $19 Bg8 70. Bd3) 69... a5 ({Don't play} 69... Bb3 70. Bg6 $16) ({Better is} 69... Kd5 $17 {Threatens to win with ...Kc5.} 70. Bb1 Kc5) 70. Bb1 $1 $11 {[%emt 0:00:24] The position is equal.} Be8 (70... Bg8 $5) 71. Bf5 Kc4 ({Don't do} 71... Ba4 72. Bg6 $16) 72. Be6+ $1 Kb5 {[%emt 0:00:01] Hoping for ...Bg6.} 73. Kd3 Ka4 {[%emt 0:00:00] Against Bb3+} 74. Kxc3 Kxa3 75. Bb3 Bg6 76. Be6 Be8 77. Bb3 Bg6 {[%emt 0:01:43] Weighted Error Value: White=0.28 (precise) /Black=0.14 (very precise)} 1/2-1/2

[Event "German Masters 2022"]
[Site "Magdeburg"]
[Date "2022.08.24"]
[Round "9.2"]
[White "Braun, Arik"]
[Black "Kollars, Dmitrij"]
[Result "1/2-1/2"]
[ECO "D32"]
[WhiteElo "2594"]
[BlackElo "2648"]
[Annotator "TA"]
[PlyCount "57"]
[EventDate "2022.08.16"]
[EventType "tourn"]
[EventCountry "GER"]
[SourceTitle "playchess.com"]
[Source "ChessBase"]
[SourceQuality "1"]
[TimeControl "40/5400+30:1800+30"]

1. d4 d5 2. c4 e6 3. Nc3 c5 4. e3 Nf6 5. Nf3 a6 6. dxc5 Bxc5 7. a3 O-O 8. b4 Ba7 9. Bb2 Nc6 10. Qc2 d4 {[%emt 0:16:42] D40: Queen's Gambit Declined: Semi-Tarrasch with 5 e3.} 11. exd4 Nxd4 12. Nxd4 Bxd4 {[%emt 0:02:45] [#]} 13. Rd1 $146 ({Predecessor:} 13. Be2 e5 14. O-O Be6 15. Na4 Bxb2 16. Qxb2 Qc7 17. Nc5 Bf5 18. Rfe1 Rfe8 19. Rad1 {½-½ (59) Aronian,L (2821)-Melkumyan,H (2649) Germany 2013}) 13... e5 14. Ne2 Re8 {[%emt 0:02:31] The position is equal.} 15. Nxd4 exd4+ 16. Be2 Qe7 $1 {[%emt 0:01:33][%cal Oc8f5] [#] ...Bf5! is the strong threat.} 17. Bxd4 Bf5 18. Qb2 Rad8 19. Be3 Rxd1+ 20. Bxd1 Bd3 ({Much less strong is} 20... Ng4 21. Bxg4 Bxg4 22. O-O $16) 21. Be2 Qe4 22. O-O Bxc4 23. Bf3 {[%emt 0:04:34] This bishop pair is nice.} Qe6 24. Rd1 Bd5 25. Be2 Bc4 26. Bf3 Bd5 27. Be2 Bc4 28. Bf3 Bd5 29. Be2 {An even fight not without its subleties.  Weighted Error Value: White=0.02 (flawless) /Black=0.01 (flawless)} 1/2-1/2

[Event "German Masters 2022"]
[Site "Magdeburg"]
[Date "2022.08.24"]
[Round "9.3"]
[White "Huschenbeth, Niclas"]
[Black "Fridman, Daniel"]
[Result "1/2-1/2"]
[ECO "C11"]
[WhiteElo "2610"]
[BlackElo "2599"]
[Annotator "TA"]
[PlyCount "83"]
[EventDate "2022.08.16"]
[EventType "tourn"]
[EventCountry "GER"]
[SourceTitle "playchess.com"]
[Source "ChessBase"]
[SourceQuality "1"]
[TimeControl "40/5400+30:1800+30"]

1. e4 e6 2. d4 d5 3. Nc3 Nf6 4. e5 Nfd7 5. f4 c5 6. Nf3 Nc6 7. Be3 cxd4 8. Nxd4 Qb6 9. Qd2 Qxb2 10. Rb1 Qa3 11. Bb5 Nxd4 {[%emt 0:00:06] C11: French: Classical System: 4 e5 and 4 Bg5 dxe4.} 12. Bxd4 {[%emt 0:00:18] Black must now prevent Rb3.} ({Much weaker is} 12. Qxd4 a6 13. Bxd7+ Bxd7 14. Rxb7 Rc8 $17) 12... a6 (12... Bb4 {feels hotter.} 13. Rb3 Qa5 14. O-O O-O) 13. Bxd7+ Bxd7 {[%emt 0:00:06] White is slightly better.} 14. Rb3 Qe7 15. Rxb7 Qh4+ $1 {[%emt 0:00:06][%mdl 4] outshines the older 15...Rc8.} 16. Qf2 Qxf2+ 17. Kxf2 Be7 18. Rhb1 {[%emt 0:00:05] Black should prevent Rb8+.} Bd8 19. Rb8 Rxb8 20. Rxb8 O-O {[%emt 0:00:08] [#] Threatens to win with ...Bh4+.} 21. Rb7 $1 Bc6 22. Ra7 Ba5 23. Rxa6 Bxc3 24. Bxc3 $14 {[%emt 0:00:03][%mdl 4096] Endgame KRB-KRB} Rc8 25. Ke3 {[%emt 0:00:18] [#]} g5 $146 ({Predecessor:} 25... Bb5 26. Rb6 {½-½ (26) Prraneeth,V (2457)-Petrov,M (2534) Biel 2022}) 26. fxg5 Bb5 27. Ra3 Rc4 28. Ra8+ Kg7 29. Kd2 Re4 30. Kc1 Rc4 31. Kd2 Re4 32. Kc1 Rc4 33. Bb2 Ba4 34. c3 d4 35. Kd2 (35. g3 $5 ) 35... dxc3+ {[%emt 0:02:15] The position is equal.} 36. Bxc3 Rh4 $1 37. Ra6 Bb5 38. Rb6 Bf1 39. Bb4 Rxh2 40. a4 Rxg2+ 41. Ke1 Bc4 42. Be7 {[%emt 0:00:48] Weighted Error Value: White=0.11 (very precise) /Black=0.03 (flawless)} 1/2-1/2

[Event "German Masters 2022"]
[Site "Magdeburg"]
[Date "2022.08.24"]
[Round "9.4"]
[White "Svane, Rasmus"]
[Black "Engel, Luis"]
[Result "1/2-1/2"]
[ECO "E10"]
[WhiteElo "2649"]
[BlackElo "2558"]
[Annotator "TA"]
[PlyCount "159"]
[EventDate "2022.08.16"]
[EventType "tourn"]
[EventCountry "GER"]
[SourceTitle "playchess.com"]
[Source "ChessBase"]
[SourceQuality "1"]
[TimeControl "40/5400+30:1800+30"]

1. d4 Nf6 2. c4 e6 3. Nf3 d5 4. g3 Bb4+ 5. Bd2 Be7 6. Bg2 O-O 7. O-O c6 8. Bc3 dxc4 9. a4 b5 10. axb5 cxb5 11. Ba5 Qe8 $1 12. Ne5 Nd5 13. b3 Nc6 14. bxc4 bxc4 15. e4 Nf6 16. Nxc6 Qxc6 17. Nc3 Rb8 18. Qd2 Rb3 19. Rfd1 Bb7 (19... Bd7 $1 $15 {deserves consideration.}) 20. d5 $11 exd5 21. exd5 Qc5 22. d6 Bd8 23. Bxd8 Rxd8 24. Bxb7 Rxb7 25. Qd4 Qxd4 26. Rxd4 g6 27. Ra6 Ne8 28. Ne4 f5 29. Nc5 Rb1+ 30. Kg2 c3 31. d7 c2 32. dxe8=Q+ Rxe8 33. Nd3 Rc8 $1 34. Rxa7 Rd1 35. Rdd7 Rxd3 $1 36. Rg7+ Kh8 37. Rxh7+ Kg8 38. Rag7+ Kf8 39. Rf7+ Kg8 ({Don't play} 39... Ke8 40. Rb7 Rd7 41. Rh8+ Ke7 42. Rxc8 $14) 40. Rfg7+ ({Resist} 40. Rhg7+ Kh8 $16) 40... Kf8 41. Rc7 Rxc7 42. Rxc7 g5 (42... Rd2 {keeps more tension.} 43. Kf3 f4 44. gxf4 Rd3+) 43. Rxc2 Kg7 44. h3 Rd4 45. Rc3 Kg6 46. Rc1 Ra4 47. Re1 Kf6 48. Rf1 Ra2 49. Rh1 Kg6 50. h4 Ra4 51. hxg5 Kxg5 52. f4+ Kg6 53. Rd1 Ra8 54. Rd6+ Kg7 55. Rd3 Kg6 56. Kf3 $1 Ra1 57. Rd6+ Kg7 58. Ke3 Rg1 59. Kf2 Ra1 60. Rd2 Kg6 61. Kg2 Ra8 62. Rd6+ Kg7 63. Re6 Kf7 64. Rh6 Kg7 65. Rd6 Kf7 66. Kf2 Ra1 67. Rd3 Kg6 68. Ke3 Re1+ 69. Kf3 Ra1 70. Rc3 Ra2 71. Ke3 Ra4 72. Rc6+ Kg7 73. Kd3 $1 Ra3+ 74. Kd4 Rxg3 75. Ke5 Rg6 76. Rc7+ Kf8 77. Kxf5 Ra6 78. Kg5 Rb6 79. f5 Ra6 80. Rb7 1/2-1/2